WCHLSIM.com - West Coast Hockey League
html PUBLIC "-//W3C//DTD XHTML 1.0 Transitional//EN" "http://www.w3.org/TR/xhtml1/DTD/xhtml1-transitional.dtd"> WCHL - Game 508 - UTAH ICE BEARS vs ANAHEIM OUTLAWS

UTAH ICE BEARS vs ANAHEIM OUTLAWS

Created - 17 décembre 2019 at 17:51

Goals
1 2 3 T
UTAH ICE BEARS 1 0 1 2
ANAHEIM OUTLAWS 3 1 4 8
Shots
1 2 3 T
UTAH ICE BEARS 6 9 9 24
ANAHEIM OUTLAWS 16 9 12 37

1st period

1. ANAHEIM OUTLAWS , Nicholas Ritchie 4 (Matt Duchene 21, Maxime Lajoie 4) at 3:05
2. ANAHEIM OUTLAWS , Matt Duchene 10 (Keith Yandle 1, Garnet Hathaway 2) at 3:28
3. UTAH ICE BEARS , Jake Guentzel 11 (Zach Hyman 12, MacKenzie Weegar 9) at 8:21
4. ANAHEIM OUTLAWS , Michael Grabner 4 (Richard Panik 11, Adrian Kempe 5) at 8:51

Penalties :
Rudolfs Balcers (UTA) for Roughing (Minor) at 0:48, Thomas Hickey (ANA) for Roughing (Minor) at 11:48, Kevin Shattenkirk (UTA) for Unsportsmanlike conduct (Minor) at 14:27

2nd period

5. ANAHEIM OUTLAWS , Kevin Fiala 5 (Ryan Callahan 3, Michael Grabner 5) at 6:32 (PP)

Penalties :
Mark Borowiecki (ANA) for High sticking (Minor) at 0:10, Jake Guentzel (UTA) for Hooking (Minor) at 2:22, Ondrej Vala (UTA) for Tripping (Minor) at 6:06, Mark Borowiecki (ANA) for Diving (Minor) at 13:20

3rd period

6. ANAHEIM OUTLAWS , Adrian Kempe 3 (Duncan Keith 11, Richard Panik 12) at 1:37
7. ANAHEIM OUTLAWS , Matt Duchene 11 (Thomas Hickey 4) at 10:59
8. UTAH ICE BEARS , Jake Guentzel 12 (Troy Stecher 6) at 15:04 (PP)
9. ANAHEIM OUTLAWS , Matt Duchene 12 (Keith Yandle 2, Nicholas Ritchie 6) at 15:24
10. ANAHEIM OUTLAWS , Richard Panik 8 (Jonathan Drouin 20, John Tavares 15) at 15:56 (PP)

Penalties :
Mark Borowiecki (ANA) for Interference (Minor) at 3:35, Mark Borowiecki (ANA) for Boarding (Minor) at 14:18, Zach Hyman (UTA) for Hooking (Minor) at 15:40

Goalie Stats

Mitch Gillam (UTA), 29 saves from 37 shots - (0,784), L, 0-6-1, 60:00 minutes
Matthew Murray (ANA), 22 saves from 24 shots - (0,917), W, 15-11-2, 60:00 minutes

Players Stats for UTAH ICE BEARS

Player Name              G  A  P  +/- PIM S  H  SB GA TA FO     MP     PP MP  PK MP  
------------------------------------------------------------------------------------
Adam Mascherin           0  0  0   0  0   0  0  0  0  0  0/2    18:35   4:21   2:29 
Alex Galchenyuk          0  0  0  -1  0   1  0  0  0  0  7/12   13:46   0:00   0:00 
Artem Anisimov           0  0  0  -1  0   2  0  0  0  0  3/10   19:26   4:21   4:10 
Brandon Pirri            0  0  0   1  0   0  0  0  0  0  2/3    15:42   0:00   0:00 
Casey Mittelstadt        0  0  0  -6  0   3  0  0  0  0  16/21  13:26   0:00   2:29 
Dominic Toninato         0  0  0  -6  0   0  2  0  0  0  4/8    15:18   4:21   0:00 
Jake Guentzel            2  0  2   1  2   8  0  0  0  0  3/11   19:44   4:21   0:00 
Kevin Shattenkirk        0  0  0  -2  2   1  0  3  0  0  0/0    18:07   0:30   2:19 
MacKenzie Weegar         0  1  1  -2  0   0  3  0  0  0  0/0    18:10   1:59   0:52 
Mats Zuccarello          0  0  0   0  0   0  1  0  0  0  0/0     5:57   0:00   0:00 
Nicholas Paul            0  0  0  -3  0   0  0  0  0  0  1/1     1:53   0:00   0:00 
Ondrej Vala              0  0  0   0  2   0  4  0  0  0  0/0    16:21   2:33   2:29 
Rudolfs Balcers          0  0  0  -1  2   1  0  0  0  0  2/2    19:04   4:21   0:00 
Ryan Kuffner             0  0  0   0  0   0  1  0  0  0  1/9    14:28   4:21   4:10 
T.J. Brodie              0  0  0  -3  0   1  0  2  0  0  0/0    23:36   4:37   0:59 
Tim Heed                 0  0  0   0  0   0  0  0  0  0  0/0    22:03   4:10   2:55 
Troy Stecher             0  1  1  -3  0   0  1  2  0  0  0/0    21:41   3:35   3:44 
Zach Hyman               0  1  1   1  2   7  1  0  0  0  0/0    15:59   0:00   0:00 

Players Stats for ANAHEIM OUTLAWS

Player Name              G  A  P  +/- PIM S  H  SB GA TA FO     MP     PP MP  PK MP  
------------------------------------------------------------------------------------
Adrian Kempe             1  1  2   2  0   2  0  0  0  0  10/16  12:49   0:00   0:00 
Duncan Keith             0  1  1   0  0   1  0  3  0  0  0/0    25:31   2:56   5:25 
Garnet Hathaway          0  1  1   4  0   0  2  0  0  0  8/16   15:26   0:00   0:00 
John Tavares             0  1  1  -1  0   3  1  0  0  0  5/6    23:41   2:47   4:30 
Jonathan Audy-Marchessau 0  0  0   0  0   2  0  0  0  0  3/4     4:50   0:00   0:00 
Jonathan Drouin          0  1  1  -1  0   3  0  0  0  0  6/16   14:21   2:47   0:00 
Keith Yandle             0  2  2   4  0   2  0  0  0  0  0/0    18:22   0:00   3:30 
Kevin Fiala              1  0  1  -1  0   4  0  0  0  0  2/7    19:38   3:52   4:12 
Mark Borowiecki          0  0  0   0  8   0  6  0  0  0  0/0    20:34   2:56   0:32 
Matt Duchene             3  1  4   4  0   6  0  0  0  0  0/1    15:26   0:00   0:00 
Maxime Lajoie            0  1  1   4  0   0  0  0  0  0  0/0    23:20   3:43   4:45 
Michael Grabner          1  1  2   2  0   1  0  0  0  0  2/2    16:41   3:52   0:00 
Morgan Rielly            0  0  0   1  0   0  0  0  0  0  0/0    12:37   0:00   0:00 
Nicholas Ritchie         1  1  2   4  0   3  1  0  0  0  1/1    15:26   0:00   0:00 
Richard Panik            1  2  3   2  0   6  1  0  0  0  1/3    20:06   2:47   4:30 
Robert Bortuzzo          0  0  0   0  0   0  0  0  0  0  0/0     0:00   0:00   0:00 
Ryan Callahan            0  1  1   0  0   1  2  0  0  0  2/7    12:54   3:52   4:12 
Thomas Hickey            0  1  1   1  2   3  2  1  0  0  0/0    19:31   3:43   3:12 

3 Stars

1 - Matt Duchene (ANA)
2 - Richard Panik (ANA)
3 - Nicholas Ritchie (ANA)

Power Play

UTAH ICE BEARS - 1 on 5 Attempt(s) - 20,00%
ANAHEIM OUTLAWS - 2 on 5 Attempt(s) - 40,00%

Penalty Kill

UTAH ICE BEARS - 3 on 5 Attempt(s) - 60,00% - Score 0 goal in Penalty Kill
ANAHEIM OUTLAWS - 4 on 5 Attempt(s) - 80,00% - Score 0 goal in Penalty Kill

Team Stat

UTAH ICE BEARS - Hits : 13 - Faceoff Wins : 39 - Blocked Shots : 7 - Penalty Minutes : 10
ANAHEIM OUTLAWS - Hits : 15 - Faceoff Wins : 40 - Blocked Shots : 4 - Penalty Minutes : 10

Official

Referees : Ryan Hersey and Ben Moser
Linesman : Derek Amell and Jim Briggs

Game Notes

Nicholas Paul is injured at 18:19 of 1st period (Torn Left Knee Ligaments)
Matt Duchene has scored a Hat Trick!

Finance

Level 1 -- Attendance: 6500 (100,00%) -- Ticket Income 702 000 $
Level 2 -- Attendance: 5500 (100,00%) -- Ticket Income 390 500 $
Level 3 -- Attendance: 2500 (100,00%) -- Ticket Income 107 500 $
Level 4 -- Attendance: 5000 (100,00%) -- Ticket Income 135 000 $
Luxury Box -- Attendance: 1000 (100,00%) -- Ticket Income 215 000 $
Game was played at the Bouch Garden.
Total Attendance: 20500 (100,00%)
Total Ticket Income: 1 550 000 $
Other Income: 465 000 $
Total Income: 2 015 000 $

UTAH ICE BEARS

5 vs 5 Forward 
   Center                   Left Wing                Right Wing               Time % Phy DF OF 
 1 Jake Guentzel            Zach Hyman               Brandon Pirri            32     4   1  0  
 2 Alex Galchenyuk          Adam Mascherin           Rudolfs Balcers          30     4   1  0  
 3 Casey Mittelstadt        Nicholas Paul            Dominic Toninato         24     4   1  0  
 4 Artem Anisimov           Ryan Kuffner             Mats Zuccarello          14     4   1  0  

5 vs 5 Defense 
   Defense                  Defense                                           Time % Phy DF OF 
 1 Ondrej Vala              Tim Heed                                          28     4   1  0  
 2 T.J. Brodie              Troy Stecher                                      27     4   1  0  
 3 Kevin Shattenkirk        MacKenzie Weegar                                  24     4   1  0  
 4 T.J. Brodie              Tim Heed                                          21     4   1  0  

PowerPlay Forward 
   Center                   Left Wing                Right Wing               Time % Phy DF OF 
 1 Dominic Toninato         Adam Mascherin           Jake Guentzel            55     1   3  1  
 2 Artem Anisimov           Rudolfs Balcers          Ryan Kuffner             45     1   3  1  

PowerPlay Defense
   Defense                  Defense                                           Time % Phy DF OF 
 1 T.J. Brodie              Tim Heed                                          53     1   3  1  
 2 Ondrej Vala              Troy Stecher                                      47     1   3  1  

Penalty Kill 4 Players Forward 
   Center                   Wing                     Time % Phy DF OF 
 1 Ryan Kuffner             Artem Anisimov           55     0   5  0  
 2 Casey Mittelstadt        Adam Mascherin           45     0   5  0  

Penalty Kill 4 Players Defense
   Defense                  Defense                  Time % Phy DF OF 
 1 Tim Heed                 Ondrej Vala              55     0   5  0  
 2 Troy Stecher             Kevin Shattenkirk        45     0   5  0  

Penalty Kill - 3 Players Forward 
   Forward                                           Time % Phy DF OF 
 1 Artem Anisimov                                    55     0   5  0  
 2 Dominic Toninato                                  45     0   5  0  

Penalty Kill - 3 Players Defense
   Defense                  Defense                  Time % Phy DF OF 
 1 MacKenzie Weegar         Troy Stecher             55     0   5  0  
 2 Tim Heed                 Troy Stecher             45     0   5  0  

4 vs 4 Forward 
   Center                   Wing                     Time % Phy DF OF 
 1 Ryan Kuffner             Dominic Toninato         50     0   2  3  
 2 Adam Mascherin           Artem Anisimov           50     0   2  3  

4 vs 4 Defense
   Defense                  Defense                  Time % Phy DF OF 
 1 Ondrej Vala              T.J. Brodie              55     0   2  3  
 2 Troy Stecher             Tim Heed                 45     0   3  2  

Last Minutes Offensive
   Center                   Left Wing                Right Wing               Defense                  Defense                  
   Dominic Toninato         Adam Mascherin           Jake Guentzel            Tim Heed                 T.J. Brodie              

Last Minutes Defensive
   Center                   Left Wing                Right Wing               Defense                  Defense                  
   Dominic Toninato         Adam Mascherin           Jake Guentzel            Tim Heed                 T.J. Brodie              

Goaltenders
Starting : Mitch Gillam             
Backup : Ben Bishop               

Extra Forwards
Normal : Rudolfs Balcers, Artem Anisimov, Alex Galchenyuk - PP : Artem Anisimov, Casey Mittelstadt - PK : Rudolfs Balcers
Extra Defensemen
Normal : Troy Stecher, Kevin Shattenkirk, Tim Heed - PP : Troy Stecher - PK : Troy Stecher, T.J. Brodie
Penalty Shots
Ryan Kuffner, Dominic Toninato, Adam Mascherin, Rudolfs Balcers, Artem Anisimov
Custom OT Lines Forwards
Alex Galchenyuk, Jake Guentzel, Artem Anisimov, Mats Zuccarello, Adam Mascherin, Ryan Kuffner, Dominic Toninato, Casey Mittelstadt, Rudolfs Balcers, Zach Hyman
Custom OT Lines Defensemen
Tim Heed, MacKenzie Weegar, Kevin Shattenkirk, T.J. Brodie, Troy Stecher

Scratches
Blake Lizotte (Right Knee Injury), Daniel Audette (Healthy), Evan Polei (Healthy), Dustin Byfuglien (Torn Right ACL Injury), Giorgio Estephan (Healthy)
Jakob Stukel (Healthy), Justin Auger (Healthy), Mason Mitchell (Healthy), Brock Nelson (Healthy), Vladislav Kotkov (Healthy)

ANAHEIM OUTLAWS

5 vs 5 Forward 
   Center                   Left Wing                Right Wing               Time % Phy DF OF 
 1 Jonathan Drouin          John Tavares             Kevin Fiala              29     1   1  3  
 2 Garnet Hathaway          Nicholas Ritchie         Matt Duchene             29     1   2  2  
 3 Adrian Kempe             Michael Grabner          Richard Panik            25     1   2  2  
 4 Jonathan Audy-MarchessaulJohn Tavares             Ryan Callahan            17     1   3  1  

5 vs 5 Defense 
   Defense                  Defense                                           Time % Phy DF OF 
 1 Mark Borowiecki          Duncan Keith                                      35     1   2  2  
 2 Keith Yandle             Maxime Lajoie                                     35     1   2  2  
 3 Morgan Rielly            Thomas Hickey                                     20     1   4  0  
 4 Mark Borowiecki          Duncan Keith                                      10     1   2  2  

PowerPlay Forward 
   Center                   Left Wing                Right Wing               Time % Phy DF OF 
 1 Jonathan Drouin          John Tavares             Richard Panik            50     0   1  4  
 2 Ryan Callahan            Kevin Fiala              Michael Grabner          50     0   1  4  

PowerPlay Defense
   Defense                  Defense                                           Time % Phy DF OF 
 1 Mark Borowiecki          Duncan Keith                                      50     1   1  3  
 2 Maxime Lajoie            Thomas Hickey                                     50     1   1  3  

Penalty Kill 4 Players Forward 
   Center                   Wing                     Time % Phy DF OF 
 1 John Tavares             Richard Panik            50     1   4  0  
 2 Kevin Fiala              Ryan Callahan            50     1   4  0  

Penalty Kill 4 Players Defense
   Defense                  Defense                  Time % Phy DF OF 
 1 Thomas Hickey            Duncan Keith             50     1   4  0  
 2 Maxime Lajoie            Mark Borowiecki          50     1   4  0  

Penalty Kill - 3 Players Forward 
   Forward                                           Time % Phy DF OF 
 1 Richard Panik                                     55     1   2  2  
 2 Kevin Fiala                                       45     1   2  2  

Penalty Kill - 3 Players Defense
   Defense                  Defense                  Time % Phy DF OF 
 1 Mark Borowiecki          Thomas Hickey            55     1   2  2  
 2 Maxime Lajoie            Duncan Keith             45     1   2  2  

4 vs 4 Forward 
   Center                   Wing                     Time % Phy DF OF 
 1 Kevin Fiala              Jonathan Drouin          50     1   2  2  
 2 Ryan Callahan            Richard Panik            50     1   2  2  

4 vs 4 Defense
   Defense                  Defense                  Time % Phy DF OF 
 1 Maxime Lajoie            Duncan Keith             50     1   2  2  
 2 Thomas Hickey            Mark Borowiecki          50     1   2  2  

Last Minutes Offensive
   Center                   Left Wing                Right Wing               Defense                  Defense                  
   Garnet Hathaway          John Tavares             Kevin Fiala              Maxime Lajoie            Mark Borowiecki          

Last Minutes Defensive
   Center                   Left Wing                Right Wing               Defense                  Defense                  
   Jonathan Drouin          Michael Grabner          John Tavares             Duncan Keith             Keith Yandle             

Goaltenders
Starting : Matthew Murray           
Backup : Mackenzie Blackwood      

Extra Forwards
Normal : Kevin Fiala, Richard Panik, Ryan Callahan - PP : Ryan Callahan, Richard Panik - PK : Richard Panik
Extra Defensemen
Normal : Thomas Hickey, Duncan Keith, Maxime Lajoie - PP : Duncan Keith - PK : Maxime Lajoie, Duncan Keith
Penalty Shots
Richard Panik, Ryan Callahan, Michael Grabner, Kevin Fiala, Garnet Hathaway
Custom OT Lines Forwards
John Tavares, Jonathan Drouin, Kevin Fiala, Garnet Hathaway, Matt Duchene, Ryan Callahan, Michael Grabner, Nicholas Ritchie, Richard Panik, Adrian Kempe
Custom OT Lines Defensemen
Keith Yandle, Thomas Hickey, Duncan Keith, Maxime Lajoie, Mark Borowiecki

Scratches
Brett Pollock (Healthy), Cole Bardreau (Healthy), Frederik Gauthier (Healthy), Joe Hicketts (Right Leg Injury), Logan Shaw (Healthy)
Michael Rasmussen (Healthy), Mike Condon (Healthy)

% Time on Ice - UTAH ICE BEARS

Lines # - Real PCT - Wanted PCT - Time Play
Normal Forward
1 - 36% - 32% - 16:00
2 - 26% - 30% - 11:45
3 - 25% - 24% - 10:57
4 - 13% - 14% - 5:57
Normal Defense
1 - 23% - 28% - 10:05
2 - 32% - 27% - 14:22
3 - 34% - 24% - 15:19
4 - 11% - 21% - 4:53
PP Forward
1 - 50% - 55% - 4:21
2 - 50% - 45% - 4:21
PP Defense
1 - 53% - 53% - 4:37
2 - 47% - 47% - 4:05
PK Forward
1 - 63% - 55% - 4:10
2 - 37% - 45% - 2:29
PK Defense
1 - 44% - 55% - 2:55
2 - 56% - 45% - 3:44
PK3 Forward
1 - 0% - 55%
2 - 0% - 45%
PK3 Defense
1 - 0% - 55%
2 - 0% - 45%
44 Forward
1 - 0% - 50%
2 - 0% - 50%
44 Defense
1 - 0% - 55%
2 - 0% - 45%
Last Minute Offensive  - 0:00
Last Minute Defensive  - 0:00
Total
Forward - 60:00
Defense - 60:00

% Time on Ice - ANAHEIM OUTLAWS

Lines # - Real PCT - Wanted PCT - Time Play
Normal Forward
1 - 26% - 29% - 11:34
2 - 35% - 29% - 15:26
3 - 29% - 25% - 12:49
4 - 11% - 17% - 4:50
Normal Defense
1 - 35% - 35% - 15:46
2 - 33% - 35% - 14:52
3 - 28% - 20% - 12:37
4 - 3% - 10% - 1:24
PP Forward
1 - 42% - 50% - 2:47
2 - 58% - 50% - 3:52
PP Defense
1 - 44% - 50% - 2:56
2 - 56% - 50% - 3:43
PK Forward
1 - 52% - 50% - 4:30
2 - 48% - 50% - 4:12
PK Defense
1 - 44% - 50% - 3:48
2 - 56% - 50% - 4:54
PK3 Forward
1 - 0% - 55%
2 - 0% - 45%
PK3 Defense
1 - 0% - 55%
2 - 0% - 45%
44 Forward
1 - 0% - 50%
2 - 0% - 50%
44 Defense
1 - 0% - 50%
2 - 0% - 50%
Last Minute Offensive  - 0:00
Last Minute Defensive  - 0:00
Total
Forward - 60:00
Defense - 60:00

Play-by-Play

1st period


0:01 of 1st period - Brandon Pirri wins face-off versus Kevin Fiala in neutral zone.
0:48 of 1st period - Minor Penalty to Rudolfs Balcers for Roughing.
0:49 of 1st period - Ryan Kuffner wins face-off versus Ryan Callahan in UTAH ICE BEARS zone.
1:09 of 1st period - Shot by Kevin Fiala.
1:09 of 1st period - Shot Blocked by Troy Stecher.
1:11 of 1st period - Shot by Michael Grabner.
1:11 of 1st period - Shot Misses the Net.
1:13 of 1st period - Shot by Thomas Hickey.
1:13 of 1st period - Stopped by Mitch Gillam without a rebound.
1:14 of 1st period - Casey Mittelstadt wins face-off versus Jonathan Drouin in UTAH ICE BEARS zone.
1:57 of 1st period - Shot by Artem Anisimov.
1:57 of 1st period - Stopped by Matthew Murray without a rebound.
1:58 of 1st period - Casey Mittelstadt wins face-off versus Ryan Callahan in ANAHEIM OUTLAWS zone.
2:06 of 1st period - Off-side.
2:07 of 1st period - Ryan Callahan wins face-off versus Ryan Kuffner in neutral zone.
2:40 of 1st period - Shot by Kevin Fiala.
2:40 of 1st period - Stopped by Mitch Gillam with a rebound.
2:42 of 1st period - Shot by Thomas Hickey.
2:42 of 1st period - Stopped by Mitch Gillam without a rebound.
2:43 of 1st period - Casey Mittelstadt wins face-off versus Jonathan Drouin in UTAH ICE BEARS zone.
2:43 of 1st period - Casey Mittelstadt is hit by Richard Panik.
2:50 of 1st period - Icing by John Tavares.
2:51 of 1st period - Garnet Hathaway wins face-off versus Alex Galchenyuk in ANAHEIM OUTLAWS zone.
2:53 of 1st period - Icing by Nicholas Ritchie.
2:54 of 1st period - Casey Mittelstadt wins face-off versus Garnet Hathaway in ANAHEIM OUTLAWS zone.
3:05 of 1st period - Shot by Matt Duchene.
3:05 of 1st period - Deflect By Nicholas Ritchie.
3:05 of 1st period - Goal by Nicholas Ritchie - UTAH ICE BEARS : 0 - ANAHEIM OUTLAWS : 1.
3:06 of 1st period - Alex Galchenyuk wins face-off versus Adrian Kempe in neutral zone.
3:21 of 1st period - Shot by Richard Panik.
3:21 of 1st period - Shot Misses the Net.
3:23 of 1st period - Shot by Thomas Hickey.
3:23 of 1st period - Stopped by Mitch Gillam without a rebound.
3:24 of 1st period - Garnet Hathaway wins face-off versus Casey Mittelstadt in UTAH ICE BEARS zone.
3:24 of 1st period - Garnet Hathaway is hit by MacKenzie Weegar.
3:28 of 1st period - Shot by Matt Duchene.
3:28 of 1st period - Goal by Matt Duchene - UTAH ICE BEARS : 0 - ANAHEIM OUTLAWS : 2.
3:29 of 1st period - Casey Mittelstadt wins face-off versus Matt Duchene in neutral zone.
4:00 of 1st period - Nicholas Paul is hit by Garnet Hathaway and loses puck.
4:06 of 1st period - Off-side.
4:07 of 1st period - Adrian Kempe wins face-off versus Alex Galchenyuk in neutral zone.
4:20 of 1st period - Shot by Adrian Kempe.
4:20 of 1st period - Deflect By Richard Panik.
4:20 of 1st period - Shot Misses the Net.
4:22 of 1st period - Shot by Michael Grabner.
4:22 of 1st period - Shot Misses the Net.
4:24 of 1st period - Shot by Michael Grabner.
4:24 of 1st period - Shot Misses the Net.
4:26 of 1st period - Shot by Mark Borowiecki.
4:26 of 1st period - Shot Blocked by Kevin Shattenkirk.
5:14 of 1st period - T.J. Brodie is hit by Ryan Callahan and loses puck.
5:23 of 1st period - Shot by John Tavares.
5:23 of 1st period - Shot Misses the Net.
5:27 of 1st period - Shot by John Tavares.
5:27 of 1st period - Shot Misses the Net.
5:29 of 1st period - Shot by Thomas Hickey.
5:29 of 1st period - Shot Misses the Net.
5:31 of 1st period - Shot by Jonathan Audy-Marchessault.
5:31 of 1st period - Stopped by Mitch Gillam with a rebound.
5:54 of 1st period - Icing by Keith Yandle.
5:55 of 1st period - Garnet Hathaway wins face-off versus Artem Anisimov in ANAHEIM OUTLAWS zone.
6:02 of 1st period - Shot by Nicholas Ritchie.
6:02 of 1st period - Shot Misses the Net.
6:23 of 1st period - Icing by Keith Yandle.
6:24 of 1st period - Casey Mittelstadt wins face-off versus Garnet Hathaway in ANAHEIM OUTLAWS zone.
6:49 of 1st period - Shot by Casey Mittelstadt.
6:49 of 1st period - Stopped by Matthew Murray without a rebound.
6:50 of 1st period - Jonathan Drouin wins face-off versus Jake Guentzel in ANAHEIM OUTLAWS zone.
6:57 of 1st period - Shot by Jonathan Drouin.
6:57 of 1st period - Stopped by Mitch Gillam without a rebound.
6:58 of 1st period - Alex Galchenyuk wins face-off versus Jonathan Drouin in UTAH ICE BEARS zone.
7:23 of 1st period - Shot by Kevin Fiala.
7:23 of 1st period - Stopped by Mitch Gillam with a rebound.
7:37 of 1st period - Shot by Rudolfs Balcers.
7:37 of 1st period - Shot Misses the Net.
7:57 of 1st period - Shot by Jake Guentzel.
7:57 of 1st period - Shot Blocked by Duncan Keith.
7:59 of 1st period - Shot by Zach Hyman.
7:59 of 1st period - Shot Misses the Net.
8:01 of 1st period - Shot by Jake Guentzel.
8:01 of 1st period - Shot Blocked by Duncan Keith.
8:03 of 1st period - Shot by Zach Hyman.
8:03 of 1st period - Shot Misses the Net.
8:05 of 1st period - Shot by Zach Hyman.
8:05 of 1st period - Deflect By Jake Guentzel.
8:05 of 1st period - Shot Misses the Net.
8:21 of 1st period - Shot by Jake Guentzel.
8:21 of 1st period - Goal by Jake Guentzel - UTAH ICE BEARS : 1 - ANAHEIM OUTLAWS : 2.
8:22 of 1st period - Adrian Kempe wins face-off versus Casey Mittelstadt in neutral zone.
8:49 of 1st period - Shot by Richard Panik.
8:49 of 1st period - Stopped by Mitch Gillam with a rebound.
8:51 of 1st period - Shot by Michael Grabner.
8:51 of 1st period - Goal by Michael Grabner - UTAH ICE BEARS : 1 - ANAHEIM OUTLAWS : 3.
8:52 of 1st period - Artem Anisimov wins face-off versus Garnet Hathaway in neutral zone.
9:07 of 1st period - Icing by Artem Anisimov.
9:08 of 1st period - Adrian Kempe wins face-off versus Artem Anisimov in UTAH ICE BEARS zone.
9:12 of 1st period - Richard Panik is hit by Ondrej Vala and loses puck.
9:38 of 1st period - Richard Panik is hit by Ondrej Vala and loses puck.
9:47 of 1st period - Shot by Michael Grabner.
9:47 of 1st period - Shot Misses the Net.
10:14 of 1st period - Shot by Nicholas Ritchie.
10:14 of 1st period - Stopped by Mitch Gillam without a rebound.
10:15 of 1st period - Jonathan Audy-Marchessault wins face-off versus Jake Guentzel in UTAH ICE BEARS zone.
10:49 of 1st period - Brandon Pirri is hit by Mark Borowiecki and loses puck.
10:57 of 1st period - John Tavares is hit by Troy Stecher and loses puck.
11:29 of 1st period - Icing by Thomas Hickey.
11:30 of 1st period - Garnet Hathaway wins face-off versus Alex Galchenyuk in ANAHEIM OUTLAWS zone.
11:39 of 1st period - Shot by Matt Duchene.
11:39 of 1st period - Stopped by Mitch Gillam with a rebound.
11:48 of 1st period - Minor Penalty to Thomas Hickey for Roughing.
11:49 of 1st period - John Tavares wins face-off versus Ryan Kuffner in ANAHEIM OUTLAWS zone.
12:28 of 1st period - Off-side.
12:29 of 1st period - John Tavares wins face-off versus Dominic Toninato in neutral zone.
12:44 of 1st period - Shot by Jake Guentzel.
12:44 of 1st period - Shot Misses the Net.
12:46 of 1st period - Shot by Jake Guentzel.
12:46 of 1st period - Stopped by Matthew Murray without a rebound.
12:47 of 1st period - John Tavares wins face-off versus Dominic Toninato in ANAHEIM OUTLAWS zone.
13:38 of 1st period - Shot by T.J. Brodie.
13:38 of 1st period - Shot Hit the Post.
14:03 of 1st period - Nicholas Ritchie is hit by MacKenzie Weegar.
14:27 of 1st period - Minor Penalty to Kevin Shattenkirk for Unsportsmanlike conduct.
14:28 of 1st period - Casey Mittelstadt wins face-off versus Ryan Callahan in UTAH ICE BEARS zone.
14:47 of 1st period - Shot by Ryan Callahan.
14:47 of 1st period - Shot Misses the Net.
14:49 of 1st period - Shot by Duncan Keith.
14:49 of 1st period - Stopped by Mitch Gillam without a rebound.
14:50 of 1st period - Casey Mittelstadt wins face-off versus Jonathan Drouin in UTAH ICE BEARS zone.
15:32 of 1st period - Shot by Richard Panik.
15:32 of 1st period - Shot Misses the Net.
15:44 of 1st period - Shot by Artem Anisimov.
15:44 of 1st period - Shot Misses the Net.
15:50 of 1st period - Shot by Artem Anisimov.
15:50 of 1st period - Shot Misses the Net.
16:17 of 1st period - Icing by Michael Grabner.
16:18 of 1st period - Casey Mittelstadt wins face-off versus Ryan Callahan in ANAHEIM OUTLAWS zone.
16:27 of 1st period - Shot by Casey Mittelstadt.
16:27 of 1st period - Stopped by Matthew Murray without a rebound.
16:28 of 1st period - Nicholas Ritchie wins face-off versus Jake Guentzel in ANAHEIM OUTLAWS zone.
16:32 of 1st period - Icing by Matt Duchene.
16:33 of 1st period - Alex Galchenyuk wins face-off versus Garnet Hathaway in ANAHEIM OUTLAWS zone.
17:47 of 1st period - Icing by Tim Heed.
17:48 of 1st period - Adrian Kempe wins face-off versus Alex Galchenyuk in UTAH ICE BEARS zone.
17:48 of 1st period - Adrian Kempe is hit by Ondrej Vala.
18:17 of 1st period - Shot by Richard Panik.
18:17 of 1st period - Stopped by Mitch Gillam without a rebound.
18:18 of 1st period - Nicholas Paul wins face-off versus Jonathan Drouin in UTAH ICE BEARS zone.
18:18 of 1st period - Nicholas Paul is hit by Mark Borowiecki.
18:19 of 1st period - Nicholas Paul from UTAH ICE BEARS is injured at 18:19 of 1st period (Torn Left Knee Ligaments).
18:20 of 1st period - Casey Mittelstadt wins face-off versus Jonathan Drouin in UTAH ICE BEARS zone.
19:20 of 1st period - Icing by Maxime Lajoie.
19:21 of 1st period - Jake Guentzel wins face-off versus Adrian Kempe in ANAHEIM OUTLAWS zone.
19:24 of 1st period - Shot by Zach Hyman.
19:24 of 1st period - Stopped by Matthew Murray without a rebound.
19:25 of 1st period - Jake Guentzel wins face-off versus Richard Panik in ANAHEIM OUTLAWS zone.
19:57 of 1st period - Shot by Richard Panik.
19:57 of 1st period - Stopped by Mitch Gillam without a rebound.
19:58 of 1st period - Artem Anisimov wins face-off versus Jonathan Drouin in UTAH ICE BEARS zone.
Goals for this period are 1 for UTAH ICE BEARS vs 3 for ANAHEIM OUTLAWS.
Shots for this period are 6 for UTAH ICE BEARS vs 16 for ANAHEIM OUTLAWS.

2nd period


0:01 of 2nd period - Casey Mittelstadt wins face-off versus Jonathan Drouin in neutral zone.
0:10 of 2nd period - Minor Penalty to Mark Borowiecki for High sticking.
0:11 of 2nd period - Dominic Toninato wins face-off versus Kevin Fiala in ANAHEIM OUTLAWS zone.
0:35 of 2nd period - Shot by Troy Stecher.
0:35 of 2nd period - Shot Misses the Net.
0:37 of 2nd period - Shot by Jake Guentzel.
0:37 of 2nd period - Shot Blocked by Thomas Hickey.
1:52 of 2nd period - Icing by Jake Guentzel.
1:53 of 2nd period - Dominic Toninato wins face-off versus John Tavares in UTAH ICE BEARS zone.
2:01 of 2nd period - Shot by Jake Guentzel.
2:01 of 2nd period - Stopped by Matthew Murray without a rebound.
2:02 of 2nd period - John Tavares wins face-off versus Artem Anisimov in ANAHEIM OUTLAWS zone.
2:22 of 2nd period - Minor Penalty to Jake Guentzel for Hooking.
2:23 of 2nd period - Jonathan Drouin wins face-off versus Ryan Kuffner in UTAH ICE BEARS zone.
2:40 of 2nd period - Shot by John Tavares.
2:40 of 2nd period - Stopped by Mitch Gillam without a rebound.
2:41 of 2nd period - Casey Mittelstadt wins face-off versus Kevin Fiala in UTAH ICE BEARS zone.
2:41 of 2nd period - Casey Mittelstadt is hit by Ryan Callahan.
2:57 of 2nd period - Shot by Kevin Fiala.
2:57 of 2nd period - Shot Misses the Net.
2:59 of 2nd period - Shot by Thomas Hickey.
2:59 of 2nd period - Deflect By Kevin Fiala.
2:59 of 2nd period - Stopped by Mitch Gillam with a rebound.
3:01 of 2nd period - Shot by Kevin Fiala.
3:01 of 2nd period - Shot Blocked by Kevin Shattenkirk.
3:15 of 2nd period - Shot by Kevin Fiala.
3:15 of 2nd period - Shot Misses the Net.
3:17 of 2nd period - Shot by Thomas Hickey.
3:17 of 2nd period - Shot Blocked by Kevin Shattenkirk.
3:19 of 2nd period - Shot by Ryan Callahan.
3:19 of 2nd period - Stopped by Mitch Gillam without a rebound.
3:20 of 2nd period - Jonathan Drouin wins face-off versus Ryan Kuffner in UTAH ICE BEARS zone.
3:46 of 2nd period - Icing by Jonathan Drouin.
3:47 of 2nd period - Jonathan Drouin wins face-off versus Adam Mascherin in ANAHEIM OUTLAWS zone.
3:56 of 2nd period - Shot by Jonathan Drouin.
3:56 of 2nd period - Stopped by Mitch Gillam without a rebound.
3:57 of 2nd period - Ryan Callahan wins face-off versus Ryan Kuffner in UTAH ICE BEARS zone.
4:53 of 2nd period - Shot by Jake Guentzel.
4:53 of 2nd period - Stopped by Matthew Murray with a rebound.
5:34 of 2nd period - Shot by John Tavares.
5:34 of 2nd period - Shot Misses the Net.
5:57 of 2nd period - Shot by Alex Galchenyuk.
5:57 of 2nd period - Stopped by Matthew Murray without a rebound.
5:58 of 2nd period - Adrian Kempe wins face-off versus Casey Mittelstadt in ANAHEIM OUTLAWS zone.
5:58 of 2nd period - Morgan Rielly is hit by Dominic Toninato and loses puck.
6:04 of 2nd period - Thomas Hickey is hit by Ondrej Vala and loses puck.
6:06 of 2nd period - Minor Penalty to Ondrej Vala for Tripping.
6:07 of 2nd period - Kevin Fiala wins face-off versus Ryan Kuffner in UTAH ICE BEARS zone.
6:32 of 2nd period - Shot by Kevin Fiala.
6:32 of 2nd period - Goal by Kevin Fiala - UTAH ICE BEARS : 1 - ANAHEIM OUTLAWS : 4.
6:33 of 2nd period - Garnet Hathaway wins face-off versus Dominic Toninato in neutral zone.
7:09 of 2nd period - Shot by Matt Duchene.
7:09 of 2nd period - Stopped by Mitch Gillam with a rebound.
7:45 of 2nd period - Shot by Richard Panik.
7:45 of 2nd period - Shot Misses the Net.
7:51 of 2nd period - Shot by Michael Grabner.
7:51 of 2nd period - Shot Misses the Net.
8:31 of 2nd period - Shot by Zach Hyman.
8:31 of 2nd period - Stopped by Matthew Murray with a rebound.
9:30 of 2nd period - Shot by Artem Anisimov.
9:30 of 2nd period - Stopped by Matthew Murray with a rebound.
10:06 of 2nd period - Off-side.
10:07 of 2nd period - Adrian Kempe wins face-off versus Jake Guentzel in neutral zone.
12:07 of 2nd period - Icing by T.J. Brodie.
12:08 of 2nd period - Michael Grabner wins face-off versus Jake Guentzel in UTAH ICE BEARS zone.
12:20 of 2nd period - Shot by Adrian Kempe.
12:20 of 2nd period - Stopped by Mitch Gillam without a rebound.
12:21 of 2nd period - Casey Mittelstadt wins face-off versus Garnet Hathaway in UTAH ICE BEARS zone.
12:21 of 2nd period - Casey Mittelstadt is hit by Garnet Hathaway.
12:26 of 2nd period - Artem Anisimov is hit by Mark Borowiecki and loses puck.
13:20 of 2nd period - Minor Penalty to Mark Borowiecki for Diving.
13:21 of 2nd period - Kevin Fiala wins face-off versus Artem Anisimov in ANAHEIM OUTLAWS zone.
15:26 of 2nd period - Shot by Matt Duchene.
15:26 of 2nd period - Stopped by Mitch Gillam with a rebound.
17:00 of 2nd period - Icing by T.J. Brodie.
17:01 of 2nd period - Adrian Kempe wins face-off versus Artem Anisimov in UTAH ICE BEARS zone.
17:12 of 2nd period - Shot by Richard Panik.
17:12 of 2nd period - Stopped by Mitch Gillam with a rebound.
18:00 of 2nd period - Kevin Shattenkirk is hit by Nicholas Ritchie and loses puck.
18:06 of 2nd period - Icing by Kevin Shattenkirk.
18:07 of 2nd period - Rudolfs Balcers wins face-off versus Jonathan Audy-Marchessault in UTAH ICE BEARS zone.
18:07 of 2nd period - Rudolfs Balcers is hit by John Tavares.
18:28 of 2nd period - Jake Guentzel is hit by Mark Borowiecki.
18:30 of 2nd period - Shot by Zach Hyman.
18:30 of 2nd period - Stopped by Matthew Murray without a rebound.
18:31 of 2nd period - Michael Grabner wins face-off versus Casey Mittelstadt in ANAHEIM OUTLAWS zone.
18:31 of 2nd period - Michael Grabner is hit by Dominic Toninato.
19:31 of 2nd period - Shot by Zach Hyman.
19:31 of 2nd period - Stopped by Matthew Murray with a rebound.
19:33 of 2nd period - Shot by T.J. Brodie.
19:33 of 2nd period - Stopped by Matthew Murray without a rebound.
19:34 of 2nd period - Alex Galchenyuk wins face-off versus Jonathan Drouin in ANAHEIM OUTLAWS zone.
19:48 of 2nd period - Shot by Kevin Shattenkirk.
19:48 of 2nd period - Stopped by Matthew Murray without a rebound.
19:49 of 2nd period - Garnet Hathaway wins face-off versus Jake Guentzel in ANAHEIM OUTLAWS zone.
Goals for this period are 0 for UTAH ICE BEARS vs 1 for ANAHEIM OUTLAWS.
Shots for this period are 9 for UTAH ICE BEARS vs 9 for ANAHEIM OUTLAWS.

3rd period


0:01 of 3rd period - Alex Galchenyuk wins face-off versus Jonathan Drouin in neutral zone.
0:15 of 3rd period - Shot by John Tavares.
0:15 of 3rd period - Shot Misses the Net.
0:45 of 3rd period - Shot by Kevin Fiala.
0:45 of 3rd period - Shot Misses the Net.
0:53 of 3rd period - Shot by Jake Guentzel.
0:53 of 3rd period - Deflect By Zach Hyman.
0:53 of 3rd period - Stopped by Matthew Murray without a rebound.
0:54 of 3rd period - Artem Anisimov wins face-off versus Adrian Kempe in ANAHEIM OUTLAWS zone.
0:58 of 3rd period - Icing by Duncan Keith.
0:59 of 3rd period - Casey Mittelstadt wins face-off versus Adrian Kempe in ANAHEIM OUTLAWS zone.
1:37 of 3rd period - Shot by Adrian Kempe.
1:37 of 3rd period - Goal by Adrian Kempe - UTAH ICE BEARS : 1 - ANAHEIM OUTLAWS : 5.
1:38 of 3rd period - Jonathan Audy-Marchessault wins face-off versus Brandon Pirri in neutral zone.
2:05 of 3rd period - Shot by Zach Hyman.
2:05 of 3rd period - Stopped by Matthew Murray without a rebound.
2:06 of 3rd period - Garnet Hathaway wins face-off versus Artem Anisimov in ANAHEIM OUTLAWS zone.
2:06 of 3rd period - Garnet Hathaway is hit by Mats Zuccarello.
3:26 of 3rd period - Shot by John Tavares.
3:26 of 3rd period - Stopped by Mitch Gillam with a rebound.
3:33 of 3rd period - Zach Hyman is hit by Mark Borowiecki and loses puck.
3:35 of 3rd period - Minor Penalty to Mark Borowiecki for Interference.
3:36 of 3rd period - Dominic Toninato wins face-off versus Kevin Fiala in ANAHEIM OUTLAWS zone.
3:41 of 3rd period - Shot by Jake Guentzel.
3:41 of 3rd period - Stopped by Matthew Murray without a rebound.
3:42 of 3rd period - Richard Panik wins face-off versus Dominic Toninato in ANAHEIM OUTLAWS zone.
4:15 of 3rd period - Shot by John Tavares.
4:15 of 3rd period - Deflect By Richard Panik.
4:15 of 3rd period - Shot Misses the Net.
5:19 of 3rd period - Shot by Jake Guentzel.
5:19 of 3rd period - Stopped by Matthew Murray without a rebound.
5:20 of 3rd period - Dominic Toninato wins face-off versus Kevin Fiala in ANAHEIM OUTLAWS zone.
5:23 of 3rd period - Shot by T.J. Brodie.
5:23 of 3rd period - Shot Hit the Post.
6:10 of 3rd period - Off-side.
6:11 of 3rd period - Alex Galchenyuk wins face-off versus Adrian Kempe in neutral zone.
6:24 of 3rd period - Shot by Richard Panik.
6:24 of 3rd period - Stopped by Mitch Gillam without a rebound.
6:25 of 3rd period - John Tavares wins face-off versus Casey Mittelstadt in UTAH ICE BEARS zone.
7:01 of 3rd period - Shot by Jonathan Audy-Marchessault.
7:01 of 3rd period - Stopped by Mitch Gillam with a rebound.
7:03 of 3rd period - Shot by Maxime Lajoie.
7:03 of 3rd period - Shot Blocked by T.J. Brodie.
7:05 of 3rd period - Shot by Keith Yandle.
7:05 of 3rd period - Stopped by Mitch Gillam without a rebound.
7:06 of 3rd period - Jake Guentzel wins face-off versus Richard Panik in UTAH ICE BEARS zone.
7:11 of 3rd period - Shot by Jake Guentzel.
7:11 of 3rd period - Stopped by Matthew Murray without a rebound.
7:12 of 3rd period - Adrian Kempe wins face-off versus Jake Guentzel in ANAHEIM OUTLAWS zone.
7:12 of 3rd period - Adrian Kempe is hit by Zach Hyman.
7:55 of 3rd period - Adrian Kempe is hit by MacKenzie Weegar and loses puck.
8:53 of 3rd period - Shot by Jonathan Drouin.
8:53 of 3rd period - Shot Misses the Net.
8:55 of 3rd period - Shot by Keith Yandle.
8:55 of 3rd period - Stopped by Mitch Gillam without a rebound.
8:56 of 3rd period - Garnet Hathaway wins face-off versus Artem Anisimov in UTAH ICE BEARS zone.
9:01 of 3rd period - Shot by Morgan Rielly.
9:01 of 3rd period - Shot Misses the Net.
9:03 of 3rd period - Shot by Matt Duchene.
9:03 of 3rd period - Shot Blocked by Troy Stecher.
9:05 of 3rd period - Shot by Matt Duchene.
9:05 of 3rd period - Shot Blocked by T.J. Brodie.
9:21 of 3rd period - Shot by Nicholas Ritchie.
9:21 of 3rd period - Stopped by Mitch Gillam without a rebound.
9:22 of 3rd period - Jonathan Drouin wins face-off versus Adam Mascherin in UTAH ICE BEARS zone.
10:43 of 3rd period - Icing by Thomas Hickey.
10:44 of 3rd period - Casey Mittelstadt wins face-off versus Garnet Hathaway in ANAHEIM OUTLAWS zone.
10:53 of 3rd period - Shot by Kevin Shattenkirk.
10:53 of 3rd period - Shot Misses the Net.
10:59 of 3rd period - Shot by Matt Duchene.
10:59 of 3rd period - Goal by Matt Duchene - UTAH ICE BEARS : 1 - ANAHEIM OUTLAWS : 6.
11:00 of 3rd period - Adrian Kempe wins face-off versus Jake Guentzel in neutral zone.
11:14 of 3rd period - Shot by Michael Grabner.
11:14 of 3rd period - Shot Misses the Net.
12:08 of 3rd period - Shot by John Tavares.
12:08 of 3rd period - Stopped by Mitch Gillam with a rebound.
12:45 of 3rd period - Jake Guentzel is hit by Thomas Hickey and loses puck.
13:00 of 3rd period - Shot by Nicholas Ritchie.
13:00 of 3rd period - Shot Misses the Net.
13:15 of 3rd period - Artem Anisimov is hit by Thomas Hickey and loses puck.
13:24 of 3rd period - Shot by Casey Mittelstadt.
13:24 of 3rd period - Stopped by Matthew Murray without a rebound.
13:25 of 3rd period - Adrian Kempe wins face-off versus Alex Galchenyuk in ANAHEIM OUTLAWS zone.
13:52 of 3rd period - Alex Galchenyuk is hit by Mark Borowiecki and loses puck.
14:12 of 3rd period - Mark Borowiecki is hit by Ryan Kuffner and loses puck.
14:18 of 3rd period - Minor Penalty to Mark Borowiecki for Boarding.
14:19 of 3rd period - Rudolfs Balcers wins face-off versus Ryan Callahan in ANAHEIM OUTLAWS zone.
14:37 of 3rd period - Shot by Rudolfs Balcers.
14:37 of 3rd period - Stopped by Matthew Murray with a rebound.
14:39 of 3rd period - Shot by T.J. Brodie.
14:39 of 3rd period - Shot Blocked by Duncan Keith.
15:04 of 3rd period - Shot by Jake Guentzel.
15:04 of 3rd period - The goal is going for a video replay.
15:04 of 3rd period - The goal is good.
15:04 of 3rd period - Goal by Jake Guentzel - UTAH ICE BEARS : 2 - ANAHEIM OUTLAWS : 6.
15:05 of 3rd period - Casey Mittelstadt wins face-off versus Garnet Hathaway in neutral zone.
15:24 of 3rd period - Shot by Matt Duchene.
15:24 of 3rd period - Goal by Matt Duchene - UTAH ICE BEARS : 2 - ANAHEIM OUTLAWS : 7.
15:25 of 3rd period - Brandon Pirri wins face-off versus Adrian Kempe in neutral zone.
15:30 of 3rd period - Shot by Zach Hyman.
15:30 of 3rd period - Stopped by Matthew Murray with a rebound.
15:40 of 3rd period - Minor Penalty to Zach Hyman for Hooking.
15:41 of 3rd period - Jonathan Drouin wins face-off versus Ryan Kuffner in UTAH ICE BEARS zone.
15:54 of 3rd period - Shot by Jonathan Drouin.
15:54 of 3rd period - Shot Misses the Net.
15:56 of 3rd period - Shot by Richard Panik.
15:56 of 3rd period - Goal by Richard Panik - UTAH ICE BEARS : 2 - ANAHEIM OUTLAWS : 8.
15:57 of 3rd period - Alex Galchenyuk wins face-off versus Garnet Hathaway in neutral zone.
16:54 of 3rd period - Shot by Jonathan Drouin.
16:54 of 3rd period - Stopped by Mitch Gillam with a rebound.
19:04 of 3rd period - Off-side.
19:05 of 3rd period - Jonathan Audy-Marchessault wins face-off versus Ryan Kuffner in neutral zone.
Goals for this period are 1 for UTAH ICE BEARS vs 4 for ANAHEIM OUTLAWS.
Shots for this period are 9 for UTAH ICE BEARS vs 12 for ANAHEIM OUTLAWS.


RYAN
NUGENT-HOPKINS
THATCHER
DEMKO
MITCHELL
MARNER

EAST COAST

HOCKEY LEAGUE

  • 13.MAN3PIT5
  • 14.NHW2ATL3
  • 15.PET5WOR4
  • 16.RHI30
  • 17.QUECHI
  • 18.CHALIM
  • 19.TRVLON
  • 20.CHWBAL